 Dungeon Crawl Stone Soup version 0.30-a0-845-g7c6808c8ce (webtiles) character file.

Game seed: 7726820901177598613

9 cheesebisquit the Trooper (level 2, -1/27 HPs)
             Began as a Hill Orc Fighter on Mar 2, 2023.
             Succumbed to a kobold's poison
             ... on level 1 of the Dungeon.
             The game lasted 00:00:43 (442 turns).

cheesebisquit the Trooper (Hill Orc Fighter)         Turns: 442, Time: 00:00:44

Health: -1/27      AC:  6    Str: 18    XL:     2   Next: 12%
Magic:  2/2        EV:  9    Int:  8    God:
Gold:   19         SH:  4    Dex: 10    Spells: 1/1 levels left

rFire   . . .      SeeInvis .    a - +0 war axe
rCold   . . .      Faith    .    c - +0 buckler
rNeg    . . .      Spirit   .    b - +0 scale mail
rPois   .          Reflect  .    (no helmet)
rElec   .          Rampage  .    (no cloak)
rCorr   .                        (no gloves)
Will    .....                    (no boots) Stlth
                                 (no amulet)
HPRegen 0.24/turn                (no ring)
MPRegen 0.08/turn                (no ring)

@: lethally poisoned (-1 -> -9)
A: no striking features
a: no special abilities


You were on level 1 of the Dungeon.
You visited 1 branch of the dungeon, and saw 1 of its levels.

You collected 19 gold pieces.

Inventory:

Hand Weapons
 a - a +0 war axe (weapon)
Missiles
 g - 3 poisoned darts (quivered)
Armour
 b - a +0 scale mail (worn)
 c - a +0 buckler (worn)
Scrolls
 e - a scroll of enchant armour {unknown}
Potions
 d - a potion of might
 f - a potion of mutation {unknown}


   Skills:
 + Level 3.8 Fighting
 * Level 3.1 Axes
 + Level 3.4 Armour
 + Level 3.4 Shields


You had one spell level left.
You didn't know any spells.
Your spell library contained the following spells:

 Spells                   Type           Power      Damage    Failure   Level
 Freezing Cloud           Conj/Ice/Air   0%         6-21      100%        5
 Simulacrum               Ice/Necr       0%         N/A       100%        6
 Polar Vortex             Ice            0%         N/A       100%        9


Dungeon Overview and Level Annotations

Branches:
Dungeon (1/15)

Altars:


Message History

You open the door.
There is an open door here.
You now have 19 gold pieces.
A kobold comes into view. It is wielding a +1 dagger of venom.
The kobold shouts!
You hear a shout!
The kobold hits you but does no damage.
You are poisoned.
You barely miss the kobold.
You feel very sick. The kobold closely misses you.
You barely miss the kobold.
You feel sick. You block the kobold's attack. x2
You closely miss the kobold.
You feel sick. The kobold barely misses you.
You barely miss the kobold.
You feel sick. You block the kobold's attack.
A goblin comes into view. It is wielding a +0 club.
The kobold barely misses you.
You closely miss the kobold.
You feel sick.
You are no longer poisoned.
The kobold hits you with a +1 dagger of venom.
You are poisoned.
You barely miss the kobold.
You feel sick. The kobold closely misses you.
You closely miss the kobold.
You feel sick. The kobold barely misses you. You block the kobold's attack.
You closely miss the kobold.
You feel sick. The kobold hits you but does no damage.
You are more poisoned.
You miss the kobold.
You feel very sick. The kobold barely misses you.
The kobold hits you with a +1 dagger of venom.
You are lethally poisoned!
You hit the kobold.
You kill the kobold!
* * * LOW HITPOINT WARNING * * *
You feel very sick.
You closely miss the goblin.
* * * LOW HITPOINT WARNING * * *
You feel very sick. The goblin hits you but does no damage.
You closely miss the goblin.
You die...

..........#
...#####.##
...#######
..........
..########
..################
.................#
...#############.#
............. #@#
..#..######## #g#
..##.#### #.#
..##....## ..#
..##.##..# ###
..##.###.# ..##.#
#.# ..##.# #.#
.....# #.#


You could see a goblin.

Vanquished Creatures
  An endoplasm (D:1)
  2 goblins (D:1)
  A hobgoblin (D:1)
  2 kobolds (D:1)
  A ball python (D:1)
  A rat (D:1)
8 creatures vanquished.

Notes
Turn   | Place    | Note
-------+----------+-------------------------------------------
     0 | D:1      | cheesebisquit the Hill Orc Fighter began the quest for the
                  | Orb.
     0 | D:1      | Reached XP level 1. HP: 19/19 MP: 1/1
   310 | D:1      | Reached XP level 2. HP: 24/27 MP: 2/2
   442 | D:1      | Succumbed to a kobold's poison

Illustrated notes

Levels and vault maps discovered:
D:1:      mushboom_english_gardens, layout_basic,
          shapermc_ecumenical_altar_mp_ritualfount, minmay_misc_feat_tower

Skill      XL: |  1 |
---------------+----+-----
Axes           | 3 |  3.1
Fighting       | |  3.8
Armour         | |  3.4
Shields        | |  3.4

Action                     || total
---------------------------++-------
  Melee: War axe           ||    31
 Armour: Scale mail        ||    11
  Dodge: Dodged            ||    13
  Block: Buckler           ||     7

Table legend: (Time is in decaauts)
 A = Elapsed time spent in this place.
 B = Non-inter-level travel time spent in this place.
 C = Inter-level travel time spent in this place.
 D = Time resting spent in this place.
 E = Time spent auto-exploring this place.
 F = Levels seen in this place.
 G = Mean time per level.
                   A        B        C        D        E       F      G
               +--------+--------+--------+--------+--------+-----+--------+
         Total |    453 |    453 |      0 |      0 |    375 |   1 |  453.0 |
       Dungeon |    453 |    453 |      0 |      0 |    375 |   1 |  453.0 |
               +--------+--------+--------+--------+--------+-----+--------+

Top non-repeatable levels by time:
     D:1: 453 daAuts
